 Seeded DCSS version 0.23.2 (webtiles) character file.

Game seed: 35806634130

13425 Kranky the Fighter (level 12, 0/80 (81) HPs)
             Began as a Kobold Berserker on Oct 30, 2019.
             Was a Priest of Trog.
             Slain by a cyan ugly thing (14 damage)
             ... on level 11 of the Dungeon.
             The game lasted 01:09:06 (21345 turns).

Kranky the Fighter (Kobold Berserker)              Turns: 21345, Time: 01:09:08

HP:   0/80 (81)     AC: 15    Str: 19    XL:     12   Next: 32%
MP:   18/18         EV: 13    Int:  8    God:    Trog [***...]
Gold: 1037          SH:  5    Dex: 15    Spells: 11/11 levels left

rFire    . . .     SeeInvis .   h - +1 dagger (venom)
rCold    + . .     Gourm    .   P - +0 buckler
rNeg     . . .     Faith    .   S - +0 plate armour
rPois    .         Spirit   .   (no helmet)
rElec    .         Reflect  .   (no cloak)
rCorr    .         Harm     .   s - +0 pair of gloves
MR       +....                  (no boots)
Stlth    ..........             D - amulet of magic regeneration
HPRegen  0.23/turn              H - ring of protection from cold
MPRegen  0.41/turn              I - ring of protection from magic

@: berserk cooldown, slowed, very slow
A: small, carnivore
a: Berserk, Trog's Hand, Renounce Religion


You were on level 11 of the Dungeon.
You worshipped Trog.
Trog was most pleased with you.
You were not hungry.

You visited 3 branches of the dungeon, and saw 15 of its levels.

You collected 1037 gold pieces.

Inventory:

Hand Weapons
 b - a +0 blowgun
 f - a +0 short sword of holy wrath
 g - a cursed -3 mace
 h - a +1 dagger of venom (weapon)
 J - a +3 scimitar of flaming
 K - a +0 dagger of protection
Missiles
 j - 427 stones (quivered)
 n - 127 sling bullets
 A - 23 poisoned needles
Armour
 s - a +0 pair of gloves (worn)
 B - the cursed +1 ring mail of the Eight Boll Weevils {rElec Dex+3}
   (You found it on level 4 of the Dungeon)

   It affects your dexterity (+3).
   It insulates you from electricity.
   It has a curse placed upon it.
 P - a +0 buckler (worn)
 S - a +0 plate armour (worn)
Jewellery
 D - an amulet of magic regeneration (around neck)
 H - a ring of protection from cold (left hand)
 I - a ring of protection from magic (right hand)
 L - a +2 ring of strength
 O - an uncursed ring of see invisible
Wands
 x - a wand of paralysis (7)
 C - a wand of clouds (7)
 F - a wand of iceblast (13)
 G - a wand of scattershot (6)
 M - a wand of flame (14)
 Q - a wand of polymorph (8)
Scrolls
 a - 7 scrolls of teleportation
 l - 4 scrolls of fog {unknown}
 p - 6 scrolls of remove curse
 r - a scroll of amnesia {unknown}
 v - 5 scrolls of fear {unknown}
 y - 5 scrolls of magic mapping {unknown}
 z - 3 scrolls of enchant weapon {unknown}
 E - 3 scrolls of identify
 N - 2 scrolls of noise {unknown}
 R - 3 scrolls of brand weapon {unknown}
 T - a scroll of immolation {unknown}
Potions
 d - 5 potions of heal wounds
 e - a potion of cancellation
 i - 3 potions of might
 k - a potion of ambrosia
 m - a potion of mutation
 o - 2 potions of berserk rage {unknown}
 q - 6 potions of lignification {unknown}
 t - 5 potions of haste
 u - 7 potions of curing
 w - 2 potions of degeneration {unknown}
 U - a potion of agility {unknown}
Comestibles
 c - 20 rations


   Skills:
 + Level 12.1 Fighting
 + Level 4.2 Short Blades
 + Level 8.4 Armour
 - Level 10.0 Dodging
 - Level 8.2 Stealth
 + Level 1.8 Shields
 - Level 8.0 Evocations


You had 11 spell levels left.
You didn't know any spells.
Your spell library contained the following spells:

 Spells                   Type           Power        Failure   Level  Hunger
 Bolt of Magma            Conj/Fire/Erth #.........   100%        5    ######.
 Iskenderun's Battlesphe  Conj/Chrm      #.......     100%        5    ######.
 Venom Bolt               Conj/Pois      #.........   100%        5    ######.
 Iron Shot                Conj/Erth      #.........   100%        6    #######
 Orb of Destruction       Conj           #.........   100%        7    #######
 Spellforged Servitor     Conj/Summ      #.........   100%        7    #######


Dungeon Overview and Level Annotations

Branches:
Dungeon (11/15)            Temple (1/1) D:4            Lair (3/6) D:8
  Swamp: Lair:2-4    Shoals: Lair:2-4     Snake: Lair:2-4    Spider: Lair:2-4
    Orc: D:9-12

Altars:
Ashenzari
Cheibriados
Dithmenos
Elyvilon
Fedhas
Gozag
Hepliaklqana
Kikubaaqudgha
Makhleb
Nemelex Xobeh
Okawaru
Qazlal
Ru
Sif Muna
Trog
Uskayaw
Vehumet
Wu Jian
Xom
Yredelemnul
Zin
The Shining One
Beogh

Shops:
D:9 :

Annotations:
D:8 2 transporters
D:11 1 runed translucent door, DadFather's ghost, journeyman CeHu
Lair:3 Rupert


Innate Abilities, Weirdness & Mutations

You are small and have problems with some larger weapons.
You are carnivorous and can eat meat at any time.


Message History

The cyan ugly thing closely misses you.
You barely miss the cyan ugly thing.
The cyan ugly thing is severely wounded.
The cyan ugly thing pecks you but does no damage.
The cyan ugly thing pecks you. The cyan ugly thing shocks you!
* * * LOW HITPOINT WARNING * * *
You hit the cyan ugly thing.
The cyan ugly thing is almost dead.
You block the cyan ugly thing's attack.
You hit the cyan ugly thing.
The cyan ugly thing looks as sick as possible!
The cyan ugly thing is almost dead.
The cyan ugly thing misses you.
You hit the cyan ugly thing but do no damage.
The cyan ugly thing looks as sick as possible!
The cyan ugly thing is almost dead.
The cyan ugly thing pecks you.
* * * LOW HITPOINT WARNING * * *
The cyan ugly thing shocks you!
You die...

#>.......
#......
#...#'#
#.u.#.#
#.....#
#...### #.###
#########.#
#<....@u..#
#.#######.#
######
##.##### #.#
#....#
#......# #.#
#....#
#..###.# #.#
#..... #..#
#.# #.#
#..... #..#
#.###+##
#.....
#..###.##....
#.....
#......##....
#.....


You could see a cyan ugly thing.

Vanquished Creatures
  Erica (Lair:1)
  2 two-headed ogres
  A cyclops (D:10)
  An ugly thing (D:11)
  An elephant (Lair:2)
  2 spiny frogs (Lair:2)
  2 rime drakes
  A komodo dragon (Lair:2)
  2 trolls
  A hippogriff (D:11)
  4 blink frogs (Lair:2)
  A basilisk (Lair:3)
  11 yaks
  2 hungry ghosts
  5 water moccasins
  4 porcupines
  4 orc warriors
  A necrophage (D:5)
  4 sky beasts
  5 ogres
  2 phantoms
  An ice beast (D:6)
  5 centaurs
  3 crocodiles
  2 big kobolds
  11 bullfrogs
  A water moccasin skeleton (D:5)
  A scorpion (D:8)
  2 howler monkeys
  4 crimson imps
  2 centaur zombies
  7 hounds
  A bullfrog skeleton (D:6)
  4 centaur skeletons
  4 orc priests
  3 jellies
  5 iguanas
  8 orc wizards
  4 worker ants
  A hound zombie (D:8)
  A worker ant zombie (D:6)
  A howler monkey skeleton (D:8)
  4 gnolls (D:4)
  10 adders
  3 shadow imps
  3 oozes
  An adder zombie (D:8)
  A worm (D:5)
  2 dart slugs
  9 leopard geckos
  50 orcs
  4 giant cockroaches
  6 goblins
  7 hobgoblins
  12 jackals
  5 quokkas
  2 ball pythons (D:2)
  6 bats
  4 frilled lizards
  A jackal skeleton (D:5)
  18 kobolds
  A leopard gecko skeleton (D:4)
  4 rats
  5 fungi
286 creatures vanquished.

Vanquished Creatures (others)
  A kobold (D:11)
  41 fungi
  5 plants
47 creatures vanquished.

Grand Total: 333 creatures vanquished

Notes
Turn   | Place    | Note
-------+----------+-------------------------------------------
     0 | D:1      | Kranky the Kobold Berserker began the quest for the Orb.
     0 | D:1      | Reached XP level 1. HP: 14/14 MP: 1/1
    22 | D:1      | Reached skill level 1 in Stealth
    23 | D:1      | Reached XP level 2. HP: 17/19 MP: 2/2
   544 | D:1      | Reached XP level 3. HP: 24/24 MP: 3/3
   806 | D:2      | Reached skill level 4 in Fighting
  1186 | D:2      | Reached XP level 4. HP: 29/29 MP: 4/4
  1230 | D:2      | Reached ** piety under Trog
  2895 | D:3      | Reached XP level 5. HP: 26/34 MP: 5/5
  3407 | D:4      | Found a staircase to the Ecumenical Temple.
  3413 | Temple   | Entered the Ecumenical Temple
  3786 | D:4      | Reached skill level 5 in Stealth
  3786 | D:4      | Reached XP level 6. HP: 30/39 MP: 6/6
  4529 | D:4      | You fall through a shaft for 2 floors!
  4533 | D:6      | Reached XP level 7. HP: 44/44 MP: 7/7
  4634 | D:6      | Reached skill level 5 in Fighting
  4867 | D:6      | Reached *** piety under Trog
  5097 | D:6      | Reached skill level 5 in Dodging
  5097 | D:6      | Reached XP level 8. HP: 50/50 MP: 8/8
  5110 | D:5      | Entered Level 5 of the Dungeon
  5433 | D:5      | Reached skill level 6 in Fighting
  5842 | D:4      | Got a polished ring mail
  5843 | D:4      | Identified the cursed +1 ring mail of the Eight Boll
                  | Weevils {rElec Dex+3} (You found it on level 4 of the
                  | Dungeon)
  7257 | D:6      | Reached skill level 7 in Fighting
  7318 | D:6      | Reached XP level 9. HP: 40/56 MP: 9/9
  7762 | D:6      | Found an ornate altar of the Wu Jian Council.
  7769 | D:6      | Found a bloodstained altar of Trog.
  7812 | D:7      | Reached skill level 8 in Fighting
  8856 | D:8      | Reached **** piety under Trog
  9239 | D:8      | Reached skill level 9 in Fighting
  9616 | D:7      | Reached skill level 10 in Dodging
  9940 | D:8      | Reached skill level 1 in Evocations
  9967 | D:7      | Reached XP level 10. HP: 23/65 MP: 9/11
 10191 | D:8      | Found a staircase to the Lair.
 10758 | D:8      | Found a transporter.
 11057 | D:8      | Found a transporter.
 11222 | Lair:1   | Entered Level 1 of the Lair of Beasts
 11603 | Lair:1   | Noticed Erica
 11633 | Lair:1   | Killed Erica
 11633 | Lair:1   | Reached skill level 10 in Fighting
 12201 | Lair:2   | Noticed a spiny frog
 12202 | Lair:2   | Killed a spiny frog
 12235 | Lair:2   | Noticed a spiny frog
 12917 | Lair:1   | Reached skill level 5 in Armour
 13393 | Lair:2   | Reached skill level 5 in Evocations
 13408 | Lair:2   | Reached XP level 11. HP: 35/72 MP: 14/14
 14590 | Lair:2   | Reached skill level 11 in Fighting
 15657 | Lair:3   | Noticed Rupert
 15673 | Lair:3   | Noticed an elephant
 15673 | Lair:3   | Noticed an elephant
 15673 | Lair:3   | Noticed an elephant
 15673 | Lair:3   | Noticed an elephant
 15704 | Lair:2   | Killed an elephant
 16123 | D:9      | Found a roughly hewn altar of Beogh.
 17037 | D:9      | Found Kehemn's Book Boutique.
 17919 | D:10     | Entered Level 10 of the Dungeon
 17929 | D:10     | Noticed a cyclops
 17950 | D:10     | HP: 1/73 [cyclops (19)]
 17952 | D:10     | Killed a cyclops
 19261 | D:10     | Reached XP level 12. HP: 79/79 MP: 17/17
 20099 | D:11     | Noticed a two-headed ogre
 20224 | D:11     | Noticed a two-headed ogre
 20277 | D:10     | Killed a two-headed ogre
 20277 | D:10     | Reached skill level 1 in Shields
 20392 | D:11     | Found a runed translucent door.
 20392 | D:11     | Found a shimmering altar of Xom.
 20392 | D:11     | Noticed DadFather's ghost (journeyman CeHu)
 20392 | D:11     | Noticed a +4 scimitar of chaos
 20518 | D:11     | Killed a two-headed ogre
 20744 | D:11     | Reached skill level 12 in Fighting
 21345 | D:11     | Slain by a cyan ugly thing

Skill      XL: |  1  2  3  4  5  6  7  8  9 10 11 12 |
---------------+-------------------------------------+-----
Stealth        | 1 2 3 5 6 8 |  8.2
Fighting       | 4 5 7 9 10 11 12 | 12.1
Dodging        | 3 4 5 7 10 | 10.0
Armour         | 2 5 8 |  8.4
Evocations     | 1 5 7 8 |  8.0
Shields        | 1 |  1.8
Short Blades   | |  4.2

Action                   |  1- 3 |  4- 6 |  7- 9 | 10-12 || total
-------------------------+-------+-------+-------+-------++-------
Melee: Short sword       |    32 |       |       |       ||    32
       Dagger            |    41 |   139 |   561 |  1185 ||  1926
 Fire: Blowgun           |       |       |       |     7 ||     7
Throw: Stone             |     3 |       |     2 |     2 ||     7
Invok: Berserk           |       |       |     4 |     9 ||    13
       Trog's Hand       |       |       |     1 |    22 ||    23
  Use: Scroll            |       |       |     9 |     3 ||    12
       Potion            |       |       |     2 |       ||     2
 Stab: Sleeping          |     3 |    11 |     7 |     7 ||    28
  Eat: Chunk             |     7 |    13 |    21 |    62 ||   103
       Ration            |       |       |       |     2 ||     2
Armor: Animal skin       |     7 |    11 |     7 |       ||    25
       Scale mail        |       |       |    66 |   142 ||   208
       Plate armour      |       |       |       |    51 ||    51
Dodge: Dodged            |    52 |    79 |   322 |   692 ||  1145
Block: Buckler           |       |       |       |    60 ||    60
